 Dungeon Crawl Stone Soup version 0.19.4-8-ga85b6b9 (webtiles) character file.

121676 Dethernal the Eclecticist (level 16, -10/88 HPs)
             Began as a Deep Elf Wizard on Jan 17, 2017.
             Was a High Priest of Sif Muna.
             Killed from afar by a shock serpent (21 damage)
             ... with a bolt of electricity
             ... on level 2 of the Snake Pit on Feb 11, 2017.
             The game lasted 04:38:43 (46927 turns).

Dethernal the Eclecticist (Deep Elf Wizard)        Turns: 46927, Time: 04:38:43

Health: -10/88     AC: 11    Str:  6    XL:     16   Next: 32%
Magic:  9/40       EV: 22    Int: 44    God:    Sif Muna [*****.]
Gold:   1177       SH:  8    Dex: 16    Spells: 12 memorised, 15 levels left

rFire  + . .     SeeInvis .     Y - +9 flail "Zareil" {drain, rPois rN+ Int+6}
rCold  + + .     Gourm    .     X - +2 robe {rC+ rF+}
rNeg   + . .     Faith    .     i - +2 buckler
rPois  +         Spirit   .     K - +1 hat
rElec  .         Reflect  .     P - +2 cloak
rCorr  .         Harm     .     (no gloves)
MR     ++...                    Q - +1 pair of boots {Stlth+}
Stlth  +++.......               E - amulet of regeneration
                                O - ring "Vasm" {rC+ MR+ Int+9 Dex+3 Stlth-}
                                k - +5 ring of evasion

@: no status effects
A: horns 1
a: Divine Energy, Channel Magic, Forget Spell, Renounce Religion


You were on level 2 of the Snake Pit.
You worshipped Sif Muna.
Sif Muna was extremely pleased with you.
You were not hungry.

You visited 7 branches of the dungeon, and saw 28 of its levels.
You also visited: Sewer and Ossuary.

You collected 2741 gold pieces.
You spent 1564 gold pieces at shops.

Inventory:

Hand Weapons
 J - the +7 dagger "Wovag" {flame, rPois Str+2}
   (You found it on level 6 of the Dungeon)

   It has been specially enchanted to burn those struck by it, causing extra
   injury to most foes and up to half again as much damage against particularly
   susceptible opponents.
   It affects your strength (+2).
   It protects you from poison.
 V - the +3 long sword "Folel" {venom, rElec Dex+4}
   (You found it on level 10 of the Dungeon)

   It poisons the flesh of those it strikes.
   It affects your dexterity (+4).
   It insulates you from electricity.
 Y - the +9 flail "Zareil" (weapon) {drain, rPois rN+ Int+6}
   (You found it on level 13 of the Dungeon)

   A truly terrible weapon, it drains the life of those it strikes.
   It affects your intelligence (+6).
   It protects you from poison.
   It protects you from negative energy.
Armour
 i - a +2 buckler (worn)
 K - a +1 hat (worn)
 P - a +2 cloak (worn)
 Q - a +1 pair of boots of stealth (worn)
 X - a +2 robe of resistance (worn)
Rods
 o - a +1 iron rod (12/12)
   (You found it on level 2 of the Snake Pit)
Jewellery
 k - a +5 ring of evasion (left hand)
 A - an uncursed ring of see invisible
 E - an amulet of regeneration (around neck)
 O - the ring "Vasm" (right hand) {rC+ MR+ Int+9 Dex+3 Stlth-}
   (You found it on level 6 of the Lair of Beasts)

   [ring of protection from magic]

   It affects your intelligence (+9).
   It affects your dexterity (+3).
   It protects you from cold.
   It affects your resistance to hostile enchantments.
   It makes you less stealthy.
Wands
 b - a wand of flame (28/48)
 p - a wand of iceblast (9/15)
 I - a wand of heal wounds (3/9)
 T - a wand of digging (14/24)
Scrolls
 a - 2 scrolls of identify
 f - 5 scrolls of fog
 h - 9 scrolls of remove curse
 n - a scroll of magic mapping
 r - a scroll of enchant armour
 v - 2 scrolls of amnesia
 x - 5 scrolls of blinking
 D - 8 scrolls of teleportation
 F - 6 scrolls of fear
Potions
 e - 4 potions of agility
 g - 2 potions of heal wounds
 j - 5 potions of might
 l - a potion of invisibility
 m - 4 potions of resistance
 q - 15 potions of curing
 z - 4 potions of brilliance
 L - 4 potions of flight
 M - 8 potions of haste
 R - 4 potions of cancellation
 S - a potion of magic
Books
 c - a book of Air

   Spells                             Type                      Level
   a - Shock                          Conjuration/Air              1
   b - Swiftness                      Charms/Air                   2
   c - Repel Missiles                 Charms/Air                   2
   d - Static Discharge               Conjuration/Air              3
   e - Lightning Bolt                 Conjuration/Air              5
 s - Kaunlic's Almanac of Ignition
   (Sif Muna gifted it to you on level 2 of the Snake Pit)

   Spells                             Type                      Level
   a - Flame Tongue                   Conjuration/Fire             1
   b - Throw Flame                    Conjuration/Fire             2
   c - Bolt of Fire                   Conjuration/Fire             6
   d - Delayed Fireball               Conjuration/Fire             7
 t - a book of Necromancy

   Spells                             Type                      Level
   a - Pain                           Necromancy                   1
   b - Animate Skeleton               Necromancy                   1
   c - Vampiric Draining              Necromancy                   3
   d - Regeneration                   Charms/Necromancy            3
   e - Animate Dead                   Necromancy                   4
   f - Control Undead                 Necromancy                   4
 Z - a book of Changes

   Spells                             Type                      Level
   a - Beastly Appendage              Transmutation                1
   b - Sticks to Snakes               Transmutation                2
   c - Spider Form                    Transmutation/Poison         3
   d - Ice Form                       Ice/Transmutation            4
   e - Blade Hands                    Transmutation                5
Comestibles
 d - a bread ration
 u - 12 royal jellies
 C - 9 meat rations


   Skills:
 + Level 5.8 Fighting
 + Level 7.5 Armour
 + Level 7.5 Dodging
 - Level 5.0 Stealth
 + Level 6.1 Shields
 - Level 18.0 Spellcasting
 + Level 13.7 Conjurations
 - Level 6.1 Charms
 - Level 5.0 Summonings
 - Level 3.5 Translocations
 * Level 8.5 Fire Magic
 - Level 5.0 Air Magic
 - Level 12.2 Earth Magic
 - Level 5.0 Poison Magic
 - Level 4.0 Invocations
 - Level 4.0 Evocations


You had 15 spell levels left.
You knew the following spells:

 Your Spells              Type           Power        Failure   Level  Hunger
a - Stone Arrow           Conj/Erth      ######       0%          3    None
b - Blink                 Tloc           N/A          1%          2    None
c - Mephitic Cloud        Conj/Pois/Air  #######.     1%          3    None
d - Fireball              Conj/Fire      #######...   1%          5    None
e - Bolt of Magma         Conj/Fire/Erth #######...   1%          5    None
f - Magic Dart            Conj           ####         0%          1    None
g - Iron Shot             Conj/Erth      ########..   1%          6    None
h - Call Imp              Summ           ######..     1%          2    None
i - Conjure Flame         Conj/Fire      #######.     1%          3    None
j - Repel Missiles        Chrm/Air       ######       1%          2    None
k - Swiftness             Chrm/Air       ######..     1%          2    None
l - Delayed Fireball      Conj/Fire      N/A          6%          7    None


Dungeon Overview and Level Annotations

Branches:
Dungeon (14/15)            Temple (1/1) D:7            Lair (6/6) D:11
 Shoals (1/4) Lair:2        Snake (3/4) Lair:3        Slime (1/5) Lair:6
    Orc (2/2) D:9             Elf (0/3) Orc:2        Vaults (0/5) D:13

Altars:
Ashenzari
Cheibriados
Dithmenos
Elyvilon
Fedhas
Gozag
Hepliaklqana
Kikubaaqudgha
Makhleb
Nemelex Xobeh
Okawaru
Qazlal
Ru
Sif Muna
Trog
Uskayaw
Vehumet
Xom
Yredelemnul
Zin
The Shining One
Beogh

Shops:
D:5 !   D:12 :   Orc:2 }[!:

Portals:
Trove: D:12 (give 13 scrolls of teleportation)

Annotations:
Snake:3 Kirke


Innate Abilities, Weirdness & Mutations

You have a pair of small horns on your head.


Message History

You see here a spear of piercing.
The shock serpent appears out of thin air!
A shock serpent comes into view.
The shock serpent hisses angrily.
The shock serpent shoots out a bolt of lightning at you!
The bolt of electricity hits you! x2
The bolt of electricity hits the shock serpent.
The shock serpent completely resists.
You sock the shock serpent!
The shock serpent is moderately wounded.
The shock serpent's electric aura discharges, shocking you!
The shock serpent shoots out a bolt of lightning at you!
The bolt of electricity hits you!
* * * LOW HITPOINT WARNING * * *
The bolt of electricity misses you.
The bolt of electricity hits the shock serpent.
The shock serpent completely resists.
The shock serpent shoots out a bolt of lightning at you!
The bolt of electricity hits you!
You die...

..... [......# ### ...## ......
... #.#### # ...###... ... #....#
.. ##.#.#.#######.# ....#####
####.#...............
....#...#####..#...÷..#....##....
#...#......#((.####)..#.(..#.....
###>#......)..##..))..#..#.##....
..#.#.....(####S@.###.#.##..#####
...........(..)...).#####...#...#
...#.....(.#.....(......#...##...
...##.....##....#(###...#....#..#
........###....##.).##..#.####...
....#...#.#...##.)÷.....)........
##.##..##[#)..#......#..(...###.#
....####..#.#####....#.######....
................#...#### #....


You could see a shock serpent.

Vanquished Creatures
  Vashnia (Snake:2)
  Rupert (Lair:3)
  An acid blob (Slime:1)
  The ghost of baghtru the Severer, an adept HOFi of the Shining One (Orc:2)
  Agnes (Snake:1)
  Donald (Orc:2)
  An orc warlord (Orc:1)
  Aizul (Snake:1)
  Azrael (D:13)
  Josephine (D:13)
  Erolcha (Orc:2)
  An ice dragon (D:9)
  15 hydras
  3 naga warriors
  2 centaur warriors
  A catoblepas (Lair:6)
  4 anacondas
  An ogre mage (Orc:2)
  10 death yaks
  A dancing weapon (D:13)
  Urug (D:12)
  The ghost of fatfloppyjuicyveiny the Sharpshooter, a journeyman KoHu of Okawaru (D:10)
  10 naga sharpshooters (Snake:2)
  A shock serpent (Snake:3)
  Nergalle (Orc:2)
  5 skeletal warriors (D:14)
  A salamander mystic (Snake:2)
  A sea snake (Shoals:1)
  4 hill giants
  A wizard (D:12)
  An orc knight (D:10)
  A harpy (shapeshifter) (D:13)
  2 ugly things (D:12)
  A deep elf mage (D:13)
  2 manticores
  A salamander (Snake:1)
  3 cyclopes
  7 orc sorcerers (Orc:2)
  An oklob plant (Lair:3)
  5 elephants
  2 guardian serpents
  Maurice (Orc:2)
  Joseph (Lair:1)
  2 torpor snails
  5 naga magi
  16 black mambas
  14 spiny frogs
  A water nymph (Shoals:1)
  4 rime drakes
  A kobold demonologist (D:14)
  7 komodo dragons
  A freezing wraith (D:9)
  7 trolls
  A tengu conjurer (D:10)
  A troll (shapeshifter) (D:12)
  8 polar bears (Lair:6)
  5 raiju (Lair:6)
  A hornet (D:9)
  12 blink frogs
  4 slime creatures (D:12)
  11 hippogriffs
  2 dream sheep (D:9)
  A shadow (D:11)
  8 wraiths
  3 fire elementals (D:13)
  37 yaks
  A wyvern (Lair:4)
  6 basilisks
  A steam dragon (D:12)
  2 hungry ghosts
  2 vampire mosquitoes (D:13)
  13 wargs
  Menkaure (D:4)
  A mottled dragon (D:13)
  14 nagas
  A soldier ant (D:12)
  14 water moccasins
  7 hell hounds
  12 porcupines
  13 black bears (Lair:6)
  2 sky beasts
  20 orc warriors
  2 eyes of draining
  3 ice beasts
  24 ogres
  2 phantoms
  3 centaurs
  13 crocodiles
  11 wolves
  6 big kobolds
  15 bullfrogs
  A gnoll sergeant (D:8)
  2 wyvern skeletons
  15 scorpions
  11 killer bees
  11 wights
  3 electric eels
  11 howler monkeys
  8 crimson imps
  20 hounds
  2 bullfrog zombies (D:12)
  4 centaur zombies
  25 orc priests
  A centaur skeleton (D:9)
  Crazy Yiuf (D:3)
  2 human zombies (Ossuary)
  5 jellies
  39 orc wizards
  3 iguanas
  13 worker ants
  A big kobold zombie (Ossuary)
  A hound zombie (D:8)
  4 mummies
  A worker ant zombie (D:9)
  16 gnolls
  15 adders
  2 howler monkey skeletons
  5 scorpion zombies (Ossuary)
  4 shadow imps
  6 oozes
  3 adder skeletons
  5 worms
  2 dart slugs
  8 leopard geckos
  96 orcs
  A ball python (D:6)
  14 bats
  9 giant cockroaches
  6 goblins
  10 hobgoblins
  7 jackals
  12 kobolds
  10 quokkas
  9 frilled lizards
  A gnoll zombie (Ossuary)
  3 goblin zombies (Ossuary)
  2 hobgoblin zombies (Ossuary)
  A jackal skeleton (D:5)
  2 kobold zombies (Ossuary)
  A leopard gecko skeleton (D:4)
  An orc zombie (Ossuary)
  A quokka zombie (D:5)
  6 rats
  5 bushes (Lair:3)
  4 plants (Lair:6)
895 creatures vanquished.

Vanquished Creatures (collateral kills)
  2 killer bees (D:9)
2 creatures vanquished.

Vanquished Creatures (others)
  A wight (D:7)
  A gnoll (D:6)
  An orc (D:9)
  A hobgoblin zombie (Ossuary)
  An orc zombie (Ossuary)
  A bush (Lair:6)
  14 fungi
  15 plants
35 creatures vanquished.

Grand Total: 932 creatures vanquished

Notes
Turn   | Place    | Note
-------+----------+-------------------------------------------
     0 | D:1      | Dethernal the Deep Elf Wizard began the quest for the Orb.
     0 | D:1      | Reached XP level 1. HP: 10/10 MP: 7/7
   208 | D:1      | Reached XP level 2. HP: 15/15 MP: 4/9
   217 | D:1      | Learned a level 2 spell: Blink
   222 | D:1      | Learned a level 2 spell: Call Imp
   320 | D:1      | Reached skill level 5 in Spellcasting
   320 | D:1      | HP: 1/22 [poisoned by an adder]
   696 | D:1      | Reached XP level 3. HP: 19/19 MP: 5/11
   721 | D:1      | Learned a level 3 spell: Mephitic Cloud
   725 | D:1      | Learned a level 3 spell: Conjure Flame
  1790 | D:2      | Reached XP level 4. HP: 21/24 MP: 13/13
  1819 | D:2      | Reached skill level 1 in Air Magic
  1819 | D:2      | Reached skill level 1 in Poison Magic
  2448 | D:3      | Found a snail-covered altar of Cheibriados.
  2516 | D:3      | Reached skill level 6 in Spellcasting
  2525 | D:3      | Reached XP level 5. HP: 28/28 MP: 8/15
  2647 | D:4      | Noticed Menkaure
  2651 | D:4      | Killed Menkaure
  2651 | D:4      | Reached skill level 1 in Shields
  2651 | D:4      | Reached XP level 6. HP: 32/32 MP: 12/17
  2781 | D:5      | Entered Level 5 of the Dungeon
  2985 | D:4      | Reached skill level 7 in Spellcasting
  3057 | D:5      | Found Veasuus Nyul's Distillery.
  3065 | D:5      | Bought a potion of curing for 33 gold pieces
  3065 | D:5      | Bought 2 potions of degeneration for 22 gold pieces
  3065 | D:5      | Bought a potion of curing for 33 gold pieces
  3202 | D:5      | Found a glowing drain.
  3217 | D:5      | Reached XP level 7. HP: 30/36 MP: 10/19
  3228 | Sewer    | Entered a sewer
  4622 | D:3      | Found a runed door.
  4626 | D:3      | Noticed Crazy Yiuf
  4650 | D:3      | Killed Crazy Yiuf
  4806 | D:3      | Found an opulent altar of Gozag.
  4807 | D:3      | Found a sparkling altar of Nemelex Xobeh.
  5789 | D:6      | Got a translucent dagger
  5851 | D:6      | Reached XP level 8. HP: 41/41 MP: 2/21
  6054 | D:6      | Reached skill level 5 in Poison Magic
  6335 | D:6      | Reached skill level 8 in Spellcasting
  6663 | D:7      | Found a staircase to the Ecumenical Temple.
  6704 | D:7      | Reached skill level 5 in Conjurations
  6852 | D:7      | Found a sand-covered staircase.
  6925 | Ossuary  | Entered an ossuary
  7447 | Ossuary  | Reached skill level 1 in Fire Magic
  8421 | Ossuary  | Reached skill level 9 in Spellcasting
  8421 | Ossuary  | Reached XP level 9. HP: 43/45 MP: 11/24
  9043 | Temple   | Entered the Ecumenical Temple
  9160 | Temple   | Became a worshipper of Sif Muna the Loreminder
 10774 | D:8      | Reached * piety under Sif Muna
 11306 | D:8      | Reached skill level 10 in Spellcasting
 11822 | D:10     | Entered Level 10 of the Dungeon
 11975 | D:9      | Reached XP level 10. HP: 50/50 MP: 10/26
 12136 | D:9      | Reached skill level 5 in Shields
 12463 | D:9      | Noticed a two-headed hydra
 12499 | D:9      | Reached ** piety under Sif Muna
 12798 | D:10     | Noticed a hill giant
 12972 | D:9      | Found a staircase to the Orcish Mines.
 13376 | Orc:1    | Entered Level 1 of the Orcish Mines
 13938 | D:9      | Reached skill level 5 in Summonings
 13963 | D:9      | Killed a two-headed hydra
 13963 | D:9      | Reached skill level 11 in Spellcasting
 13963 | D:9      | Reached skill level 1 in Invocations
 13963 | D:9      | Reached skill level 1 in Evocations
 14558 | D:10     | Noticed an orc knight
 14789 | D:10     | Upgraded the game from 0.19.1-1-g22dce08 to 0.19.3-1-g3169bf9
 14920 | D:10     | Got a polished long sword
 14929 | D:10     | Identified the cursed +3 long sword "Folel" {venom, rElec Dex+4} (You found it on level 10 of the Dungeon)
 14978 | D:10     | Noticed a hill giant
 16148 | Orc:1    | Reached skill level 5 in Fire Magic
 16238 | Orc:1    | Reached *** piety under Sif Muna
 16238 | Orc:1    | Reached XP level 11. HP: 54/54 MP: 13/28
 17057 | D:10     | Killed an orc knight
 17139 | D:10     | Upgraded the game from 0.19.3-1-g3169bf9 to 0.19.3-4-gbf9329e
 17550 | D:9      | Noticed an ice dragon
 17660 | D:10     | Noticed fatfloppyjuicyveiny's ghost (journeyman KoHu)
 18770 | Orc:1    | Reached skill level 5 in Air Magic
 18955 | Orc:2    | Entered Level 2 of the Orcish Mines
 18955 | Orc:2    | Found a roughly hewn altar of Beogh.
 18965 | Orc:2    | Noticed baghtru's ghost (adept HOFi)
 18980 | Orc:2    | Found a staircase to the Elven Halls.
 19342 | D:10     | Learned a level 3 spell: Stone Arrow
 19389 | D:10     | Noticed a hill giant
 19581 | D:10     | Killed a hill giant
 19735 | D:10     | Reached skill level 1 in Earth Magic
 19790 | D:10     | Gained mutation: You have a pair of small horns on your head. [potion of beneficial mutation]
 19950 | D:4      | Identified the +7 dagger "Wovag" {flame, rPois Str+2} (You found it on level 6 of the Dungeon)
 19988 | Temple   | Learned a level 2 spell: Repel Missiles
 20109 | D:10     | Killed a hill giant
 20109 | D:10     | Reached skill level 12 in Spellcasting
 20109 | D:10     | Reached skill level 1 in Charms
 20126 | D:10     | Killed fatfloppyjuicyveiny's ghost
 20281 | D:11     | Reached skill level 1 in Armour
 20282 | D:11     | Noticed a centaur warrior
 20288 | D:11     | Killed a centaur warrior
 20288 | D:11     | Reached **** piety under Sif Muna
 20288 | D:11     | Reached skill level 1 in Fighting
 21011 | D:11     | Found a staircase to the Lair.
 21165 | Lair:1   | Entered Level 1 of the Lair of Beasts
 21165 | Lair:1   | Noticed an eight-headed hydra
 21174 | Lair:1   | Killed an eight-headed hydra
 21174 | Lair:1   | Reached XP level 12. HP: 25/61 MP: 7/30
 21279 | Lair:1   | Noticed a six-headed hydra
 21338 | Lair:1   | Killed a six-headed hydra
 21358 | Lair:1   | Reached skill level 5 in Charms
 21614 | Lair:1   | Noticed Joseph
 21972 | Lair:1   | Noticed a four-headed hydra
 22003 | Lair:1   | Killed a four-headed hydra
 22256 | Lair:1   | Killed Joseph
 22256 | Lair:1   | Reached skill level 13 in Spellcasting
 22411 | Lair:1   | Reached ***** piety under Sif Muna
 22411 | Lair:1   | Identified Sif Muna's Reference Book on Ensnaring Conjuration (Sif Muna gifted it to you on level 1 of the Lair of Beasts)
 22411 | Lair:1   | Received a gift from Sif Muna
 22421 | Lair:1   | Learned a level 5 spell: Fireball
 22887 | Lair:2   | Reached skill level 10 in Conjurations
 23665 | Lair:2   | Found a staircase to the Shoals.
 24255 | Lair:3   | Noticed a four-headed hydra
 24261 | Lair:3   | Noticed an eight-headed hydra
 24264 | Lair:3   | Killed a four-headed hydra
 24264 | Lair:3   | Reached skill level 14 in Spellcasting
 24441 | Lair:3   | Reached skill level 5 in Earth Magic
 24787 | Lair:3   | Found a staircase to the Snake Pit.
 24813 | Lair:3   | Noticed a six-headed hydra
 24881 | Lair:3   | Noticed a death yak
 24881 | Lair:3   | Noticed a death yak
 25353 | Lair:3   | Reached XP level 13. HP: 68/68 MP: 18/33
 26612 | Orc:2    | Noticed Donald
 27104 | D:11     | Reached skill level 15 in Spellcasting
 27267 | D:12     | Received a gift from Sif Muna
 27393 | D:12     | Noticed Urug
 27404 | D:12     | Killed Urug
 27404 | D:12     | Reached skill level 5 in Armour
 27423 | D:12     | Found Ublitsol's Book Shoppe.
 28402 | D:12     | Upgraded the game from 0.19.3-4-gbf9329e to 0.19.4-8-ga85b6b9
 28744 | D:12     | Found a portal to a secret trove of treasure.
 29657 | D:13     | Got a crude flail
 29687 | D:13     | Identified the +9 flail "Zareil" {drain, rPois rN+ Int+6} (You found it on level 13 of the Dungeon)
 29734 | D:13     | Reached skill level 5 in Stealth
 29874 | D:13     | Noticed Azrael
 30593 | Orc:2    | Noticed an orc warlord
 30854 | Orc:1    | Killed an orc warlord
 31168 | Orc:2    | HP: 3/68 [baghtru's ghost (16)]
 31578 | Lair:4   | Reached skill level 5 in Dodging
 32131 | Lair:4   | Reached XP level 14. HP: 74/74 MP: 28/35
 32675 | Lair:5   | Identified Sif Muna's Compendium of Doomed Stones (Sif Muna gifted it to you on level 5 of the Lair of Beasts)
 32675 | Lair:5   | Received a gift from Sif Muna
 32688 | Lair:5   | Learned a level 5 spell: Bolt of Magma
 32695 | Lair:5   | Learned a level 6 spell: Iron Shot
 33036 | Lair:6   | Entered Level 6 of the Lair of Beasts
 33538 | Lair:5   | Got a translucent quarterstaff
 34196 | Lair:5   | You fall through a shaft!
 35439 | Lair:6   | Reached skill level 16 in Spellcasting
 35772 | Lair:6   | Reached skill level 10 in Earth Magic
 36011 | Lair:6   | Identified Sif Muna's Guide on Conjuration (Sif Muna gifted it to you on level 6 of the Lair of Beasts)
 36011 | Lair:6   | Received a gift from Sif Muna
 36353 | Lair:6   | Found a staircase to the Slime Pits.
 37221 | Lair:6   | Got a fine golden ring
 38148 | Slime:1  | Entered Level 1 of the Pits of Slime
 38148 | Slime:1  | Noticed an acid blob
 38150 | Slime:1  | Killed an acid blob
 38150 | Slime:1  | Reached XP level 15. HP: 78/78 MP: 24/37
 38288 | Snake:1  | Entered Level 1 of the Snake Pit
 38288 | Snake:1  | Noticed Rupert
 38288 | Snake:1  | Noticed Aizul
 39168 | Orc:2    | Killed Donald
 39294 | Orc:2    | Killed baghtru's ghost
 39740 | Orc:2    | Found Ilighie's Gadget Boutique.
 39741 | Orc:2    | Noticed Maurice
 39745 | Orc:2    | Killed Maurice
 40007 | Orc:2    | Found Nukegaq's Antique Armour Shop.
 40098 | Orc:2    | Bought a wand of heal wounds (4/9) for 576 gold pieces
 40141 | Orc:2    | Bought a translucent leather armour for 210 gold pieces
 40181 | Orc:2    | Identified the +1 leather armour "Wuic" {-Tele rN+ Int+2 Dex+2} (You bought it in a shop on level 2 of the Orcish Mines)
 40226 | Orc:2    | Noticed Nergalle
 40286 | Orc:2    | Killed Nergalle
 40397 | Orc:2    | Found an ancient bone altar of Kikubaaqudgha.
 40400 | Orc:2    | Received a gift from Sif Muna
 40440 | Orc:2    | Reached skill level 17 in Spellcasting
 40451 | Orc:2    | Found Muduwk's Distillery.
 40593 | Orc:2    | Found a roughly hewn altar of Beogh.
 40608 | Orc:2    | Noticed Erolcha
 40680 | Orc:2    | Killed Erolcha
 40717 | Orc:2    | Found a radiant altar of Vehumet.
 40761 | Orc:2    | Found Mim Alug's Book Shop.
 40877 | Orc:2    | Bought a potion of haste for 100 gold pieces
 40877 | Orc:2    | Bought a potion of curing for 30 gold pieces
 40877 | Orc:2    | Bought a potion of curing for 30 gold pieces
 40877 | Orc:2    | Bought a potion of cure mutation for 250 gold pieces
 40877 | Orc:2    | Bought a potion of curing for 30 gold pieces
 40877 | Orc:2    | Bought a potion of cure mutation for 250 gold pieces
 41297 | D:13     | Killed Azrael
 41742 | D:13     | Noticed Josephine
 41790 | D:13     | Found a gate to the Vaults.
 42021 | D:13     | Killed Josephine
 42689 | D:14     | Identified the ring "Vasm" {rC+ MR+ Int+9 Dex+3 Stlth-} (You found it on level 6 of the Lair of Beasts)
 43023 | Shoals:1 | Entered Level 1 of the Shoals
 43103 | Lair:3   | Killed Rupert
 43232 | Snake:1  | Killed Aizul
 44235 | Snake:1  | Noticed Agnes
 44240 | Snake:1  | Killed Agnes
 44822 | Snake:1  | Reached skill level 5 in Fighting
 44893 | Snake:2  | Noticed Vashnia
 45176 | Snake:2  | Killed Vashnia
 45176 | Snake:2  | Reached XP level 16. HP: 86/87 MP: 9/39
 46006 | Snake:2  | Learned a level 2 spell: Swiftness
 46153 | Snake:2  | Reached skill level 18 in Spellcasting
 46266 | Snake:3  | Noticed Kirke
 46646 | Snake:2  | Identified Kaunlic's Almanac of Ignition (Sif Muna gifted it to you on level 2 of the Snake Pit)
 46646 | Snake:2  | Received a gift from Sif Muna
 46658 | Snake:2  | Learned a level 7 spell: Delayed Fireball
 46927 | Snake:2  | Killed from afar by a shock serpent

Skill      XL: |  1  2  3  4  5  6  7  8  9 10 11 12 13 14 15 16 |
---------------+-------------------------------------------------+-----
Spellcasting   | 5 6 7 9 10 11 12 14 15 16 17 18 | 18.0
Conjurations   | 2 3 4 5 7 8 9 10 12 13 | 13.7
Air Magic      | 1 2 3 4 5 |  5.0
Poison Magic   | 1 2 4 5 |  5.0
Shields        | 1 2 3 4 5 6 |  6.1
Dodging        | 4 5 7 |  7.5
Fire Magic     | 2 4 5 6 8 |  8.5
Translocations | 3 |  3.5
Summonings     | 3 5 |  5.0
Invocations    | 2 4 |  4.0
Evocations     | 2 4 |  4.0
Earth Magic    | 2 5 8 11 12 | 12.2
Charms         | 4 6 |  6.1
Armour         | 2 4 5 7 |  7.5
Fighting       | 1 3 5 |  5.8
Stealth        | 5 |  5.0

Action                   |  1- 3 |  4- 6 |  7- 9 | 10-12 | 13-15 | 16-18 || total
-------------------------+-------+-------+-------+-------+-------+-------++-------
Melee: Unarmed           |     2 |       |       |       |       |       ||     2
       Dagger            |     6 |    25 |   102 |   143 |    51 |       ||   327
       Long sword        |       |       |       |     8 |       |       ||     8
       Headbutt          |       |       |       |     4 |    12 |       ||    16
       Flail             |       |       |       |       |   120 |     2 ||   122
 Cast: Magic Dart        |    83 |   107 |   726 |   747 |    45 |     1 ||  1709
       Blink             |     3 |       |     1 |    32 |    75 |     1 ||   112
       Call Imp          |     1 |       |     8 |       |       |       ||     9
       Mephitic Cloud    |     3 |     6 |    68 |   141 |    20 |       ||   238
       Conjure Flame     |     1 |       |    21 |    39 |       |       ||    61
       Stone Arrow       |       |       |       |   234 |   459 |    10 ||   703
       Repel Missiles    |       |       |       |     1 |       |     1 ||     2
       Fireball          |       |       |       |     5 |   154 |    49 ||   208
       Bolt of Magma     |       |       |       |       |   156 |       ||   156
       Iron Shot         |       |       |       |       |    77 |    11 ||    88
       Delayed Fireball  |       |       |       |       |       |     1 ||     1
Invok: Channel Magic     |       |       |       |     2 |     2 |       ||     4
 Abil: Release Delayed F |       |       |       |       |       |     1 ||     1
Evoke: Wand              |       |     5 |       |    33 |     2 |       ||    40
  Use: Potion            |     2 |       |     6 |     2 |     3 |       ||    13
       Scroll            |     4 |     9 |     8 |     7 |    14 |       ||    42
 Stab: Sleeping          |       |     1 |     2 |       |       |       ||     3
       Confused          |       |       |     2 |     5 |       |       ||     7
  Eat: Chunk             |     2 |     4 |    12 |     8 |    31 |       ||    57
       Beef jerky        |       |     1 |       |       |     1 |       ||     2
       Meat ration       |       |       |     2 |     3 |     1 |       ||     6
       Fruit             |       |       |     3 |    12 |     3 |       ||    18
       Pizza             |       |       |     1 |     6 |       |       ||     7
       Bread ration      |       |       |       |       |     4 |     1 ||     5
       Royal jelly       |       |       |       |       |     3 |       ||     3
Armor: Robe              |     5 |     5 |    29 |    25 |    54 |     2 ||   120
       Skin              |     1 |       |       |       |       |       ||     1
Dodge: Dodged            |    29 |    41 |   154 |   232 |   381 |    18 ||   855
       Deflected         |       |       |       |       |    19 |     4 ||    23
Block: Buckler           |       |       |    46 |   114 |   171 |     9 ||   340
       Rpst.: Long sword |       |       |       |     5 |       |       ||     5
